 Dungeon Crawl Stone Soup version 0.16-a0-1816-g2c93a98 (webtiles) character file.

60 timbw the Firebug (level 4, 5/24 HPs)
             Began as a Tengu Fire Elementalist on Nov 4, 2014.
             Quit the game on level 2 of the Dungeon.
             The game lasted 00:03:53 (706 turns).

timbw the Firebug (Tengu Fire Elementalist)          Turns: 706, Time: 00:03:53

Health: 5/24       AC:  2    Str:  5 (8)  XL:     4   Next: 6%
Magic:  2/9        EV: 16    Int: 17      God:
Gold:   21         SH:  0    Dex: 14      Spells: 3 memorised, 0 levels left

rFire  . . .     SeeInvis .     (no weapon)
rCold  . . .     Clarity  .     a - +0 robe
rNeg   . . .     SustAb   .     (no shield)
rPois  .         Gourm    .     (helmet restricted)
rElec  .         Spirit   .     (no cloak)
rCorr  .         Warding  .     (no gloves)
rMut   .         Stasis   .     (boots unavailable)
MR     .....                    (no amulet)
Stlth  ++........               (no ring)
                                e - +4 ring of evasion

@: very slightly contaminated, not resistant to hostile enchantments, unstealthy
A: beak, talons 3
a: no special abilities


You were on level 2 of the Dungeon.
You were not hungry.

You visited 1 branch of the dungeon, and saw 3 of its levels.

You collected 21 gold pieces.

Inventory:

Hand weapons
 d - a +0 dagger
Armour
 a - a +0 robe (worn)
Jewellery
 e - a +4 ring of evasion (left hand)
Scrolls
 j - a scroll of enchant armour {unknown}
Books
 b - a book of Flames

   Spells                             Type                      Level
   *Flame Tongue                      Conjuration/Fire             1
   Throw Flame                        Conjuration/Fire             2
   *Conjure Flame                     Conjuration/Fire             3
   Inner Flame                        Hexes/Fire                   3
   *Sticky Flame                      Conjuration/Fire             4
   Fireball                           Conjuration/Fire             5
Comestibles
 c - a bread ration
 f - a meat ration
 h - a royal jelly
 i - a chunk of flesh


   Skills:
 - Level 2.1 Dodging
 - Level 2.0 Stealth
 + Level 2.8 Spellcasting
 + Level 2.6 Conjurations
 + Level 4.1 Fire Magic


You couldn't memorise any spells.
You knew the following spells:

 Your Spells              Type           Power        Failure   Level  Hunger
a - Flame Tongue          Conj/Fire      ##...        4%          1    #......
b - Conjure Flame         Conj/Fire      ##......     14%         3    ###....
c - Sticky Flame          Conj/Fire      ##......     45%         4    #####..


Dungeon Overview and Level Annotations

Branches:
Dungeon (3/15)

Altars:

Annotations:
D:2 Sigmund


Innate Abilities, Weirdness & Mutations

You have a beak for a mouth.
You have claws for feet.


Message History

Sigmund gestures wildly while chanting.
Sigmund flickers and vanishes!
Deactivating autopickup; reactivate with Ctrl-A.
Something hits you. Something hits you. Something barely misses you.
You feel less confused. Something hits you!
* * * LOW HITPOINT WARNING * * *
There isn't anything here!
Unknown command.
Casting: Flame Tongue
Confirm with . or Enter, or press ? or * to list all spells.
Aiming: Sticky Flame
Press: ? - help, Shift-Dir - straight line You miscast Sticky Flame.
You are very lightly contaminated with residual magic.
The air around you burns with energy! Something barely misses you.
The bat hits you but does no damage. x2
Are you sure you want to abandon this character and quit the game? (Confirm with "yes".)

..# ######### #.##
.b...# #..†....###.#
#.b...# #........†..#
.......# #........####
...[..g.######........#
....@...##............#
.....?..##............#
#.....##..............
..#.....##@....#########
..........b..##†#
...###########.# .
#......s# #.......#
#.......# ##......#
#+####


You could see a bat.

Vanquished Creatures
  Natasha (D:3)
  An adder (D:2)
  2 giant geckos (D:1)
  2 giant cockroaches (D:2)
  3 hobgoblins (D:1)
  4 jackals
  2 kobolds (D:1)
  A ball python (D:2)
  A bat (D:2)
  A giant newt (D:1)
  2 goblins (D:2)
  6 rats
26 creatures vanquished.

Notes
Turn   | Place    | Note
--------------------------------------------------------------
     0 | D:1      | timbw, the Tengu Fire Elementalist, began the quest for the Orb.
     0 | D:1      | Reached XP level 1. HP: 10/10 MP: 3/3
   158 | D:1      | Reached XP level 2. HP: 10/15 MP: 0/5
   452 | D:2      | Reached XP level 3. HP: 19/19 MP: 1/7
   457 | D:2      | Learned a level 3 spell: Conjure Flame
   471 | D:3      | Noticed Natasha
   473 | D:3      | Killed Natasha
   473 | D:3      | Reached skill level 4 in Fire Magic
   657 | D:2      | Reached XP level 4. HP: 20/24 MP: 7/9
   669 | D:2      | Learned a level 4 spell: Sticky Flame
   680 | D:2      | Noticed Sigmund
   706 | D:2      | Quit the game

Action                   |  1- 3 |  4- 6 || total
-------------------------+-------+-------++-------
Melee: Dagger            |     3 |       ||     3
       Unarmed           |    13 |       ||    13
 Cast: Flame Tongue      |    43 |     7 ||    50
  Use: Potion            |       |     1 ||     1
